 Dungeon Crawl Stone Soup version bcrawl-1.12-8-g964540c432 (webtiles) character file.

Game seed: 15064670412342828152

8112 Gumption the Destroyer (level 11, -4/72 HPs)
             Began as a Fairy Conjurer on June 2, 2019.
             Was an Elder of Makhleb.
             Slain by an orc warrior
             ... wielding a +0 scimitar
              (12 damage)
             ... on level 10 of the Dungeon on June 3, 2019.
             The game lasted 01:41:31 (10773 turns).

Gumption the Destroyer (Fairy Conjurer)            Turns: 10773, Time: 01:41:32

Health: -4/72      AC:  6    Str:  6    XL:     11   Next: 25%
Magic:  34/34      EV: 22    Int: 22    God:    Makhleb [****..]
Gold:   651        SH:  9    Dex: 13    Spells: 4/27 levels left

rFire    . . .     SeeInvis .   a - +2 dagger (venom)
rCold    . . .     Gourm    .   (shield restricted)
rNeg     . . .     Faith    .   (armour unavailable)
rPois    .         Spirit   .   (no helmet)
rElec    .         Reflect  +   (no cloak)
rCorr    .         Harm     .   (no gloves)
MR       +....                  (no boots)
Stlth    +.........             B - +3 amulet of reflection
HPRegen  0.22/turn              j - ring of magical power
MPRegen  0.24/turn              (no ring)

@: flying evasively
A: small, magic attunement, unstealthy, unfitting armour, able to fly, AC/SH +6
a: Stop Flying, Minor Destruction, Lesser Servant of Makhleb, Major Destruction,
Renounce Religion


You were on level 10 of the Dungeon.
You worshipped Makhleb.
Makhleb was greatly pleased with you.
You were not hungry.

You visited 2 branches of the dungeon, and saw 11 of its levels.
You also visited: Ossuary.

You collected 651 gold pieces.

Inventory:

Hand Weapons
 a - a +2 dagger of venom (weapon)
Missiles
 c - 281 bolts
 d - 1430 stones (quivered)
Jewellery
 b - an uncursed amulet of the gourmand
 j - a ring of magical power (left hand)
 m - a cursed amulet of inaccuracy {unknown}
 p - an uncursed ring of fire {unknown}
 B - a +3 amulet of reflection (around neck)
Wands
 g - a wand of acid (9)
 x - a wand of scattershot (7)
 A - a wand of flame (25)
Scrolls
 h - a scroll of fog
 k - a scroll of immolation
 l - 4 scrolls of remove curse
 o - 3 scrolls of enchant armour
 s - a scroll of fear
 t - a scroll of amnesia
 u - a scroll of teleportation {unknown}
 y - a scroll of enchant weapon
 H - 2 scrolls of acquirement {unknown}
Potions
 f - 3 potions of invisibility
 i - a potion of haste
 n - a potion of ambrosia
 q - 3 potions of mutation
 v - 5 potions of curing
 w - a potion of heal wounds
 z - 2 potions of magic
 C - a potion of cancellation
 D - a potion of brilliance
 E - a potion of agility
 F - a potion of lignification
 G - a potion of might {unknown}
Comestibles
 e - 19 rations {!d}


   Skills:
 + Level 6.1 Fighting
 + Level 9.4 Dodging
 - Level 1.5 Stealth
 + Level 8.6 Spellcasting
 * Level 12.3 Conjurations
 - Level 3.0 Hexes
 + Level 3.7 Transmutations
 - Level 3.0 Fire Magic
 + Level 4.3 Invocations


You had 4 spell levels left.
You knew the following spells:

 Your Spells              Type           Power        Failure   Level  Hunger
a - Magic Dart            Conj           ####         1%          1    None
b - Iskenderun's Mystic   Conj           ######..     1%          3    None
c - Fulminant Prism       Conj/Hex       #####.....   3%          4    None
d - Irradiate             Conj/Tmut      #####.....   7%          5    None
e - Slow                  Hex            ###.....     1%          1    None
f - Sticky Flame          Conj/Fire      #####...     3%          4    None
g - Fireball              Conj/Fire      #####.....   9%          5    None

Your spell library contained the following spells:

 Spells                   Type           Power        Failure   Level  Hunger
 Flame Tongue             Conj/Fire      #####        1%          1    None
 Sting                    Conj/Pois      ####         1%          1    None
 Searing Ray              Conj           ######       1%          2    None
 Conjure Flame            Conj/Fire      #####...     1%          3    None
 Stone Arrow              Conj/Erth      #####.       1%          3    None
 Passwall                 Tmut/Erth      ###.....     4%          2    None
 Inner Flame              Hex/Fire       N/A          6%          3    None
 Apportation              Tloc           #.....       7%          1    None
 Infusion                 Chrm           #.......     7%          1    None
 Sandblast                Erth           #.....       7%          1    None
 Summon Butterflies       Summ           #.......     7%          1    None
 Ignite Poison            Fire/Tmut/Pois ###.....     9%          3    None
 Poisonous Vapours        Pois/Air       #.....       11%         2    None
 Petrify                  Tmut/Erth      ###.....     32%         4    None
 Olgreb's Toxic Radiance  Pois           #.......     56%         4    None
 Summon Scorpions         Summ/Pois      #.......     56%         4    None
 Venom Bolt               Conj/Pois      #####.....   16%         5    None
 Lee's Rapid Deconstruct  Erth           #.........   88%         5    None


Dungeon Overview and Level Annotations

Branches:
Dungeon (10/12)            Temple (1/1) D:5            Lair (0/6) D:9
    Orc: D:8-11

Altars:
Ashenzari
Cheibriados
Dithmenos
Elyvilon
Fedhas
Gozag
Hepliaklqana
Kikubaaqudgha
Lugonu
Makhleb
Nemelex Xobeh
Okawaru
Qazlal
Ru
Sif Muna
Trog
Uskayaw
Vehumet
Wu Jian
Xom
Yredelemnul
Zin
The Shining One
Beogh

Shops:
D:4 (   D:6 :   D:9 ?

Annotations:
D:8 3 runed translucent doors, MisterOstroum's ghost, novice DsAc
D:10 Nergalle


Innate Abilities, Weirdness & Mutations

Your spells do not cause hunger and MP costs are reduced by 1.
Your bright wings attract enemies. (Stealth-)
You cannot fit into any form of body armour.
Your shimmering scales are hard and can block incoming attacks. (AC +6, SH +6)
You are small and have problems with some larger weapons.
You can fly continuously.


Message History

The orc hits you with a +0 whip.
Your hellwing is smitten.
Your hellwing is smitten.
Your hellwing dies!
You block the orc's attack.
You block the centaur warrior skeleton's attack.
Found a stone staircase leading up.
The magic dart hits your neqoxec. The orc barely misses you.
All of the chunks of flesh in your inventory have rotted away.
Found a stone staircase leading up.
You block the orc warrior's attack.
Your neqoxec easily resists.
You block the orc's attack.
The orc warrior hits you with a +0 scimitar!!
* * * LOW HITPOINT WARNING * * *
The centaur warrior skeleton hits you.
* * * LOW HITPOINT WARNING * * *
The orc warrior hits you with a +0 scimitar!
You die...

#######################
##...........o@<<<......
##............oZ.........
#..............$.........
.........................
..........................
.............D...........[
............3.............
..........o...............
......................


You could see a four-headed hydra, Nergalle, an orc warrior, an orc, a centaur
warrior skeleton and a friendly neqoxec.

Vanquished Creatures
  A two-headed ogre (D:10)
  A gargoyle (D:7)
  2 trolls
  3 hippogriffs
  Prince Ribbit (D:6)
  A spriggan (D:7)
  3 yaks (D:8)
  3 orc warriors
  An ice beast (D:5)
  A sky beast (D:8)
  A black bear (D:6)
  An eye of draining (D:6)
  3 ogres
  3 centaurs
  A phantom (D:6)
  A crocodile (D:9)
  2 bullfrogs
  A big kobold (D:9)
  2 elf zombies (Ossuary)
  2 elf skeletons (D:7)
  A water moccasin zombie (D:6)
  4 scorpions
  5 killer bees (D:7)
  5 howler monkeys
  5 crimson imps
  3 human zombies
  A jelly (D:6)
  A bullfrog zombie (D:4)
  5 hounds
  9 orc wizards
  2 orc priests
  A centaur skeleton (D:7)
  A gnoll shaman (D:6)
  An iron imp (D:7)
  2 iguanas
  6 worker ants
  A big kobold zombie (Ossuary)
  2 hound zombies (Ossuary)
  2 hound skeletons
  4 mummies (Ossuary)
  A worker ant zombie (D:7)
  2 howler monkey skeletons (D:4)
  A howler monkey zombie (D:5)
  14 gnolls
  7 adders
  2 oozes
  4 adder zombies
  An adder skeleton (D:7)
  3 worms
  A dart slug (D:2)
  10 leopard geckos
  25 orcs
  A giant cockroach (D:1)
  3 gnoll zombies
  2 goblins
  6 hobgoblins
  15 jackals
  2 quokkas
  6 bats
  2 frilled lizards (D:1)
  2 goblin skeletons (D:7)
  4 hobgoblin zombies
  A jackal skeleton (D:4)
  2 jackal zombies
  14 kobolds
  2 kobold zombies
  2 leopard gecko zombies (D:4)
  3 orc skeletons (D:7)
  An orc zombie (D:7)
  7 rats
  A rat zombie (Ossuary)
242 creatures vanquished.

Vanquished Creatures (collateral kills)
  A tengu warrior (D:8)
  A two-headed ogre (D:8)
  2 yaks (D:8)
  2 hungry ghosts
  An acid dragon (D:10)
  An orc warrior (D:8)
  An ogre (D:8)
  3 orcs (D:8)
12 creatures vanquished.

Vanquished Creatures (others)
  A cyclops (D:10)
  53 fulminant prisms
54 creatures vanquished.

Grand Total: 308 creatures vanquished

Notes
Turn   | Place    | Note
-------+----------+-------------------------------------------
     0 | D:1      | Gumption the Fairy Conjurer began the quest for the Orb.
     0 | D:1      | Reached XP level 1. HP: 11/11 MP: 6/6
   158 | D:1      | Reached skill level 5 in Conjurations
   179 | D:1      | Reached XP level 2. HP: 18/18 MP: 7/7
   353 | D:1      | Reached XP level 3. HP: 19/22 MP: 9/9
   358 | D:1      | Learned a level 3 spell: Iskenderun's Mystic Blast
   412 | D:1      | Reached skill level 1 in Fighting
   946 | D:2      | Reached XP level 4. HP: 28/28 MP: 11/11
   952 | D:2      | Learned a level 4 spell: Fulminant Prism
  1010 | D:2      | Found a shadowy altar of Dithmenos.
  1552 | D:3      | Reached skill level 6 in Conjurations
  1552 | D:3      | Reached XP level 5. HP: 33/33 MP: 5/12
  1880 | D:3      | Found a faded altar of an unknown god.
  2139 | D:3      | Found a bloodstained altar of Trog.
  2139 | D:3      | Found a hide-covered altar of Uskayaw.
  2313 | D:3      | Found a burning altar of Makhleb.
  2424 | D:3      | Became a worshipper of Makhleb the Destroyer
  2465 | D:4      | Noticed an ogre
  2471 | D:4      | Killed an ogre
  2471 | D:4      | Reached skill level 1 in Hexes
  2471 | D:4      | Reached XP level 6. HP: 39/39 MP: 4/14
  2737 | D:4      | Reached skill level 7 in Conjurations
  2851 | D:4      | Reached XP level 7. HP: 45/45 MP: 15/15
  2858 | D:4      | Learned a level 5 spell: Irradiate
  2956 | D:4      | Reached * piety under Makhleb
  2972 | D:4      | Found Sividgh's Antique Weapon Shoppe.
  3663 | D:5      | Entered Level 5 of the Dungeon
  3663 | D:5      | Found a blossoming altar of Fedhas.
  3697 | D:5      | Reached skill level 5 in Dodging
  3704 | D:5      | Found a deep blue altar of Sif Muna.
  4225 | D:5      | Learned a level 1 spell: Slow
  4228 | D:5      | Found a sacrificial altar of Ru.
  4241 | D:5      | Reached skill level 5 in Spellcasting
  4471 | D:5      | Found a basalt altar of Yredelemnul.
  4638 | D:5      | Found a staircase to the Ecumenical Temple.
  4647 | Temple   | Entered the Ecumenical Temple
  4822 | D:5      | Reached skill level 8 in Conjurations
  5014 | D:6      | Reached XP level 8. HP: 52/52 MP: 12/17
  5300 | D:6      | Found Maodenaywn's Book Shoppe.
  5300 | D:6      | Noticed a troll
  6068 | D:6      | Noticed Prince Ribbit
  6083 | D:6      | Killed Prince Ribbit
  6083 | D:6      | Reached skill level 9 in Conjurations
  6128 | D:6      | Learned a level 4 spell: Sticky Flame
  6151 | D:6      | Found an opulent altar of Gozag.
  6169 | D:6      | Reached XP level 9. HP: 58/58 MP: 14/20
  6200 | D:6      | Reached ** piety under Makhleb
  6342 | D:6      | Found a sparkling altar of Nemelex Xobeh.
  6343 | D:6      | Found a radiant altar of Vehumet.
  6695 | D:6      | Reached skill level 10 in Conjurations
  6713 | D:6      | Reached skill level 1 in Fire Magic
  7100 | D:7      | Found a corrupted altar of Lugonu.
  7117 | D:7      | Found an ornate altar of the Wu Jian Council.
  7142 | D:7      | Reached skill level 1 in Transmutations
  7255 | D:7      | Found a sand-covered staircase.
  7281 | Ossuary  | Entered an ossuary
  7320 | Ossuary  | Reached skill level 1 in Invocations
  7793 | D:7      | Reached *** piety under Makhleb
  7838 | D:7      | Noticed a gargoyle
  7858 | D:7      | Killed a gargoyle
  8019 | D:7      | Found a glowing golden altar of the Shining One.
  8079 | D:7      | Reached XP level 10. HP: 65/65 MP: 22/22
  8258 | D:7      | Reached skill level 5 in Fighting
  8597 | D:7      | Reached skill level 11 in Conjurations
  8971 | D:8      | Noticed a tengu warrior
  8997 | D:8      | Killed a tengu warrior
  9180 | D:8      | Found a shimmering altar of Xom.
  9232 | D:8      | Noticed MisterOstroum's ghost (novice DsAc)
  9233 | D:8      | Identified the +9 mace "Mennor" {crush, Fragile rElec
                  | Stlth+}
  9235 | D:8      | Found a runed translucent gate.
  9235 | D:8      | Found a runed translucent gate.
  9235 | D:8      | Found a runed translucent gate.
  9238 | D:8      | Found a roughly hewn altar of Beogh.
  9426 | D:8      | Noticed a two-headed ogre
  9496 | D:8      | Reached **** piety under Makhleb
  9864 | D:8      | Killed a two-headed ogre
 10098 | D:9      | Found a glowing silver altar of Zin.
 10101 | D:9      | Reached skill level 12 in Conjurations
 10101 | D:9      | Reached XP level 11. HP: 72/72 MP: 25/25
 10109 | D:9      | Learned a level 5 spell: Fireball
 10180 | D:9      | Found Zetacher's Magic Scroll Shoppe.
 10454 | D:9      | Found a staircase to the Lair.
 10710 | D:10     | Entered Level 10 of the Dungeon
 10713 | D:10     | Noticed a two-headed ogre
 10716 | D:10     | Noticed a cyclops
 10738 | D:10     | Noticed Nergalle
 10740 | D:10     | Noticed a four-headed hydra
 10743 | D:10     | Killed a cyclops
 10744 | D:10     | Killed a two-headed ogre
 10773 | D:10     | Slain by an orc warrior

Skill      XL: |  1  2  3  4  5  6  7  8  9 10 11 |
---------------+----------------------------------+-----
Conjurations   | 5 6 7 8 9 10 12 | 12.3
Dodging        | 3 4 5 6 7 9 |  9.4
Spellcasting   | 3 4 5 6 7 8 |  8.6
Fighting       | 1 2 3 4 5 6 |  6.1
Hexes          | 1 2 3 |  3.0
Fire Magic     | 2 3 |  3.0
Transmutations | 2 3 |  3.7
Invocations    | 1 3 4 |  4.3
Stealth        | |  1.5

Action                   |  1- 3 |  4- 6 |  7- 9 | 10-12 || total
-------------------------+-------+-------+-------+-------++-------
Melee: Dagger            |       |       |     2 |     5 ||     7
 Cast: Magic Dart        |    82 |    87 |   255 |   113 ||   537
       Iskenderun's Myst |     2 |    34 |    37 |    28 ||   101
       Fulminant Prism   |       |       |    31 |    22 ||    53
       Slow              |       |       |    23 |    20 ||    43
       Sticky Flame      |       |       |     9 |     7 ||    16
Invok: Lesser Servant of |       |       |       |     5 ||     5
  Use: Scroll            |       |       |    20 |     4 ||    24
  Eat: Chunk             |       |     6 |    13 |     6 ||    25
       Ration            |       |       |     2 |       ||     2
Armor: Skin              |     1 |     4 |    21 |     5 ||    31
Dodge: Dodged            |    13 |    19 |    83 |    46 ||   161
Block: Other             |     4 |    10 |    25 |    37 ||    76
       Reflection        |       |       |       |     4 ||     4
